Cogmind - Beta 16 --- EXPLORER MODE // 2026.01.05 @ 18:53:22 Player: K.K.Y. Result: Destroyed by B-86 Titan with Matter Neutralizer Performance ------------- Evolutions (7) 3500 Regions Visited (21) 4200 Robots Destroyed (371) 1855 Value Destroyed (17414) 17414 Prototype IDs (55) 1100 Alien Tech Used (1) 200 Bonus (6482) 6482 TOTAL SCORE: 34751 Bonus ------- High Alert Combat Kills 18 Follower Combat Kills 2932 Delivered SUBCON Basin 2000 Met Imprinter 300 Was Imprinted 300 Built Enhanced Grunts 300 A7 Reached Mainframe 300 Met R17 at Cetus 500 Friendly Fire -168 Cogmind --------- Core Integrity 0/1300 Matter 82/300 Energy 3/100 System Corruption 11% Temperature Cool (9) Movement Core (50) Location -3/Research Parts ------- > --- POWER (2) -------- (None) > --- PROPULSION (7) --- (None) > --- UTILITY (10) ----- Advanced Signal Interpreter > --- WEAPON (3) ------- (None) > --- INVENTORY (5) ---- 0b10 Decoder Chip [Generic] Advanced System Shield Advanced System Restoration Module Vibroblade CR-A16's Pointy Stick Peak State ------------ > --- POWER ------------ Vortex Chain Reactor > --- PROPULSION ------- Biometal Medium Treads Improved Heavy Siege Treads Improved Heavy Siege Treads Centrium Heavy Treads > --- UTILITY ---------- Advanced Cryofiber Web Advanced Heat Sink Huge Storage Unit Advanced Sensor Array Advanced Signal Interpreter 0b10 Decoder Chip [Skirmisher] Centrium Medium Armor Plating EM Disruption Field Tech Extrapolator Advanced Corruption Screen > --- WEAPON ----------- Compact HERF Cannon Nova Cannon Linear Accelerator > --- INVENTORY -------- Experimental Matter Compressor IFF Parser 0b10 Decoder Chip [Generic] 0b10 Decoder Chip [Looter] Advanced Actuator Array Advanced ECM Suite Centrium Medium Armor Plating Centrium Heavy Armor Plating Centrium Heavy Armor Plating Experimental Thermal Shield Advanced Shield Generator Improved Hacking Suite Improved System Shield Advanced System Shield Improved Component Analysis Suite Improved Dynamic Insulation System Advanced System Restoration Module Advanced Recalibrator Hardcell Cannon Advanced Remote Datajack Improved Plasma Cutter Vibroblade CR-A16's Pointy Stick [Rating: 174] Favorites ----------- Power Cold Fusion Reactor Engine Ion Engine Power Core Light Nuclear Core Reactor Cold Fusion Reactor Propulsion Improved Medium Treads Treads Improved Medium Treads Leg Zionite Composite Leg I Flight Unit Improved VTOL Module Utility Huge Storage Unit Device Improved Cryofiber Web Storage Huge Storage Unit Processor Tech Extrapolator Hackware Improved Hacking Suite Protection Improved Medium Armor Plating Weapon Antimatter Cannon Energy Gun Improved Lightning Gun Energy Cannon Neutron Cannon Ballistic Gun Autogun Ballistic Cannon Antimatter Cannon Special Weapon Mining Laser Slashing Weapon Phasing Sabre Build | -11 -10 -10 -10 -8 -8 -6 -6 -6 -6 -6 -6 -5 -5 -5 -5 -5 -5 -4 -4 -4 -3 ------- Run | Yrd Mat Min Sub Rec Scr Fac Was Fac Low Low Zio Pro Fac Ext Cet Arc Hub Fac Upp Upp Res Slots Evolved 15 | . 1 . . . . 8 . . . . . . 2 . . . . 2 . . 2 Power 1 | . . . . . . 1 . . . . . . . . . . . . . . . Propulsion 5 | . . . . . . 3 . . . . . . . . . . . 1 . . 1 Utility 8 | . 1 . . . . 4 . . . . . . 1 . . . . 1 . . 1 Weapon 1 | . . . . . . . . . . . . . 1 . . . . . . . . Parts Attached 230 | 7 3 3 17 10 1 35 5 42 3 7 4 3 39 2 5 1 5 8 6 . 24 Power 28 | 1 . 1 2 2 1 7 1 7 . . . . 4 . 1 . . . . . 1 Engine 12 | 1 . 1 1 2 1 2 1 3 . . . . . . . . . . . . . Core 7 | . . . 1 . . 4 . 1 . . . . 1 . . . . . . . . Reactor 9 | . . . . . . 1 . 3 . . . . 3 . 1 . . . . . 1 Propulsion 49 | 2 . . 5 3 . 10 . 7 . 4 . 1 7 . 2 1 1 2 . . 4 Treads 42 | 2 . . 5 3 . 10 . 6 . 2 . 1 4 . 1 1 1 2 . . 4 Leg 3 | . . . . . . . . . . 1 . . 1 . 1 . . . . . . Wheel . | . . . . . . . . . . . . . . . . . . . . . . Hover . | . . . . . . . . . . . . . . . . . . . . . . Flight 4 | . . . . . . . . 1 . 1 . . 2 . . . . . . . . Utility 95 | 2 1 2 3 2 . 14 4 16 2 3 2 1 19 . 2 . 2 2 6 . 12 Device 50 | . . 2 1 1 . 7 . 11 . 2 1 . 10 . 2 . 1 . 5 . 7 Storage 7 | 1 1 . 1 1 . . . . . . . . 3 . . . . . . . . Processor 9 | . . . 1 . . 1 . 1 1 1 . . . . . . . 1 1 . 2 Hackware 3 | . . . . . . . . 1 . . 1 . . . . . . 1 . . . Protection 26 | 1 . . . . . 6 4 3 1 . . 1 6 . . . 1 . . . 3 Artifact . | . . . . . . . . . . . . . . . . . . . . . . Weapon 58 | 2 2 . 7 3 . 4 . 12 1 . 2 1 9 2 . . 2 4 . . 7 Energy Gun 14 | 2 . . . . . . . 8 . . . . 3 . . . . . . . 1 Energy Cannon 21 | . . . 2 1 . 3 . 2 . . . 1 5 2 . . . 2 . . 3 Ballistic Gun 8 | . 2 . 4 . . 1 . . . . 1 . . . . . . . . . . Ballistic Cannon 10 | . . . . 2 . . . 1 1 . . . . . . . 1 2 . . 3 Launcher . | . . . . . . . . . . . . . . . . . . . . . . Special Weapon 3 | . . . 1 . . . . . . . 1 . 1 . . . . . . . . Impact Weapon . | . . . . . . . . . . . . . . . . . . . . . . Slashing Weapon 2 | . . . . . . . . 1 . . . . . . . . 1 . . . . Piercing Weapon . | . . . . . . . . . . . . . . . . . . . . . . Special Melee Weapon . | . . . . . . . . . . . . . . . . . . . . . . Unidentified Prototypes 42 | . . . . . . 1 . 12 . . 1 . 17 . 3 . 2 . 1 . 5 Corrupted Parts 1 | . . . . . . . . . . . . . . . 1 . . . . . . System Corruption 2 | . . . . . . . . . . . . . . . 2 . . . . . . Parts Lost 59 | . . . 6 . . 3 5 6 2 1 . . 5 2 . . . 2 1 . 26 Power 6 | . . . 1 . . 1 1 . . . . . 1 . . . . . . . 2 Propulsion 15 | . . . 1 . . . 1 5 1 1 . . 1 1 . . . . . . 4 Utility 25 | . . . 2 . . 1 1 1 . . . . 3 . . . . 2 1 . 14 Weapon 13 | . . . 2 . . 1 2 . 1 . . . . 1 . . . . . . 6 Highest Loss Streak 17 | . . . 2 . . 1 5 2 2 1 . . 4 1 . . . 1 1 . 17 To Critical Strikes 6 | . . . 1 . . . . 1 . . . . 1 . . . . . . . 3 Average Backups 22 | 1 5 11 14 12 20 23 20 23 23 23 24 24 27 30 31 32 31 20 22 22 22 Power . | . . . . . . . . . . . . . 1 2 1 1 1 1 1 1 . Propulsion . | . . 3 3 2 2 2 . . . . . . . . . . . . . . . Utility 14 | . 2 3 5 7 11 13 10 11 14 15 17 18 20 21 23 24 23 15 16 16 16 Weapon 6 | . 2 3 4 2 6 6 9 11 8 7 6 6 6 6 6 6 6 3 4 4 3 Tool/Special . | . . . . . . . . . . . . . . . . . . . . . . Unused Backups 87 | . 1 . 3 6 2 11 12 13 1 2 5 . 7 1 . . 3 2 . . 18 Power 2 | . . . . . . . . 1 . 1 . . . . . . . . . . . Propulsion 4 | . . . 1 . 1 2 . . . . . . . . . . . . . . . Utility 44 | . . . . 5 . 2 8 2 . . 3 . 4 1 . . 3 2 . . 14 Weapon 32 | . 1 . 2 1 . 5 4 10 1 1 2 . 3 . . . . . . . 2 Tool/Special 5 | . . . . . 1 2 . . . . . . . . . . . . . . 2 Average Slot Usage (%) 88 | . 85 99 86 87 100 95 96 92 97 95 99 95 80 67 68 69 72 72 79 85 76 Engine 3 | . 12 12 6 2 16 9 10 3 . . . . . . . . . . . . . Core 1 | . . . 5 7 . 2 . . . . . . 1 . . . . . . . . Reactor 5 | . . . . . . 1 . 7 12 12 12 12 5 5 4 5 5 5 5 5 3 Treads 23 | . 24 25 24 25 25 28 31 24 28 27 31 31 18 12 13 13 16 17 20 20 15 Device 18 | . . 23 12 10 16 15 12 23 25 24 24 20 20 16 16 16 16 15 15 20 17 Storage 6 | . 12 12 11 8 8 5 5 6 6 6 6 6 5 5 5 5 5 4 5 5 3 Processor 5 | . . . . 8 8 5 2 2 6 6 6 6 5 5 5 5 5 7 11 15 16 Protection 6 | . 11 . 3 . . 10 18 10 5 5 6 5 4 5 5 5 5 5 7 5 4 Energy Gun 2 | . 8 . . . . . 9 7 3 . . . 1 . . . . . . . . Energy Cannon 4 | . . . 10 2 8 5 . 2 . . . . 7 10 11 11 10 10 9 10 8 Ballistic Gun 3 | . 15 25 9 19 8 8 1 . . . . . . . . . . . . . . Ballistic Cannon 4 | . . . . 2 8 2 . 2 8 12 11 11 6 5 5 5 5 5 5 5 4 Peak Build Rating 174 | 7 10 13 49 49 47 94 94 87 87 91 92 94 132 131 142 136 141 151 154 147 174 Average Rating 85 | 5 8 12 18 39 45 85 76 75 85 87 90 93 116 121 127 134 137 139 150 147 159 On Entrance 85 | . 7 10 13 49 45 47 94 73 87 86 91 91 94 131 118 132 136 137 147 147 147 Avg Prop Armor Cover (%) 8 | . . . . . . . . . . . . . 8 . . . . . . . 9 Naked Turns . | . . . . . . . . . . . . . . . . . . . . . . Heaviest Build 290 | 21 34 34 94 94 110 141 146 151 134 134 134 146 287 287 290 290 290 290 175 154 166 Greatest Support 265 | 40 40 40 60 73 73 170 170 150 134 144 144 144 170 170 180 178 180 210 207 207 265 Greatest Overweight (x) 39 | 4 1 . 2 1 1 1 . 2 1 1 . 1 9 2 2 1 1 1 . . 39 Average Overweight (x) . | . . . . . . . . 1 . . . . 1 1 1 1 1 . . . . Largest Inventory Capacity 35 | 10 15 15 25 25 25 25 25 25 25 25 25 25 35 35 35 35 35 35 25 25 25 Average Capacity 24 | 9 14 15 15 18 22 25 22 25 25 25 25 25 30 35 35 35 35 25 25 25 24 Most Carried 35 | 5 9 14 25 25 24 25 25 25 25 25 25 25 35 35 35 35 35 34 25 25 25 Average Carried 24 | 1 5 11 15 17 21 24 21 24 24 24 24 25 30 34 34 35 34 22 24 25 24 Final Capacity 35 | 10 15 15 25 20 25 25 25 25 25 25 25 25 35 35 35 35 35 25 25 25 5 Final Carried 35 | 2 8 14 25 20 24 25 25 25 24 25 25 25 35 35 35 35 33 25 25 25 5 Class Distribution -------------------- 54% | Hacker-Mutant 18% | Hacker-Tank 14% | Hauler-Tank 6% | Hacker-Skirmisher 4% | Scavenger-Tank Dominant Class ---------------- Hacker-Mutant | -10/Materials Hacker-Mutant | -10/Mines Hacker-Mutant | -10/Subcaves Hacker-Skirmisher | -8/Recycling Hacker-Skirmisher | -8/Scraptown Scavenger-Tank | -6/Factory Hacker-Mutant | -6/Waste Hacker-Mutant | -6/Factory Hacker-Mutant | -6/Lower Caves Hacker-Mutant | -6/Lower Caves Hacker-Mutant | -6/Zion Hacker-Mutant | -5/Proximity Caves Hauler-Tank | -5/Factory Hauler-Tank | -5/Extension Hauler-Tank | -5/Cetus Hauler-Tank | -5/Archives Hauler-Tank | -5/Hub_04(d) Hacker-Tank | -4/Factory Hacker-Tank | -4/Upper Caves Hacker-Tank | -4/Upper Caves Hacker-Tank | -3/Research Resources | -11 -10 -10 -10 -8 -8 -6 -6 -6 -6 -6 -6 -5 -5 -5 -5 -5 -5 -4 -4 -4 -3 ----------- Run | Yrd Mat Min Sub Rec Scr Fac Was Fac Low Low Zio Pro Fac Ext Cet Arc Hub Fac Upp Upp Res Matter Collected 9741 | 171 195 238 498 249 10 1157 222 863 422 269 144 343 1842 786 295 . 370 258 368 . 1041 Remotely . | . . . . . . . . . . . . . . . . . . . . . . Salvage Created 17213 | 99 353 136 736 224 . 1723 . 4221 91 . 18 55 3457 841 137 173 705 902 450 . 2892 Parts 755 | 10 30 . 43 6 . 98 . 159 6 . . 1 169 25 2 6 26 31 23 . 120 Haulers Intercepted 13 | . 2 . . . . . . 6 . . . . 3 . . . 1 . . . 1 Recyclers Shooed 10 | . . . . . . . . 4 . . . . 1 1 . . . 2 . . 2 Parts Field Recycled . | . . . . . . . . . . . . . . . . . . . . . . Retrieved Matter . | . . . . . . . . . . . . . . . . . . . . . . Parts Self-Destructed . | . . . . . . . . . . . . . . . . . . . . . . Prevented . | . . . . . . . . . . . . . . . . . . . . . . Parts Restored . | . . . . . . . . . . . . . . . . . . . . . . Kills | -11 -10 -10 -10 -8 -8 -6 -6 -6 -6 -6 -6 -5 -5 -5 -5 -5 -5 -4 -4 -4 -3 ------- Run | Yrd Mat Min Sub Rec Scr Fac Was Fac Low Low Zio Pro Fac Ext Cet Arc Hub Fac Upp Upp Res Combat Hostiles Destroyed 302 | . 7 10 19 4 . 33 . 62 5 2 1 3 58 15 3 2 10 9 10 . 49 Guns 72 | . 7 10 8 4 . 12 . 23 1 . . . 5 . . . . . . . 2 Cannons 208 | . . . 11 . . 19 . 28 4 2 1 3 53 14 2 1 9 8 9 . 44 AOE 5 | . . . . . . 1 . 2 . . . . . . . . . . 1 . 1 Classes Destroyed 22 | 2 5 1 4 . . 5 . 3 . . . . . . . . . . . . 2 Worker 16 | . . . . . . 1 . 1 . . . . 6 . . . 1 4 . . 3 Builder 13 | . 3 . . . . 2 . 1 . . . . 5 1 . . . . . . 1 Tunneler 3 | 3 . . . . . . . . . . . . . . . . . . . . . Hauler 13 | . 2 . . . . . . 6 . . . . 3 . . . 1 . . . 1 Recycler 12 | 1 . . . . . 1 . 3 . . . . 4 . . . . 3 . . . Carrier 1 | . . . . . . . . . . . . . . . . . . . . . 1 Mechanic 1 | . . . . . . . . 1 . . . . . . . . . . . . . Operator 5 | . . . . . . 2 . 1 . . . . 1 . . 1 . . . . . Turret 2 | . . . 2 . . . . . . . . . . . . . . . . . . Watcher 23 | . 3 . . . . 4 . 7 . . . . 7 . . . 2 . . . . Swarmer 39 | . 6 . 3 . . 8 . 1 4 . . 1 4 1 . . 1 3 5 . 2 Grunt 86 | . 1 . . . . 11 . 29 . 1 . . 17 10 . . 4 . 4 . 9 Brawler 7 | . . . . . . . . 1 . . . 1 1 1 . . . . . . 3 Duelist 4 | . . . . . . . . 2 . . . . . . . . . . . . 2 Sentry 32 | . . . 1 4 . 3 . 8 . . . . 3 3 . 2 2 2 1 . 3 Demolisher 2 | . . . . . . . . . . . . . . . . . . . . . 2 Hunter 29 | . . . . . . 1 . 7 . . 1 1 9 . 1 . . 4 . . 5 Programmer 62 | . . . . . . 9 . 14 . . . . 24 . . . 2 . . . 13 Behemoth 4 | . . . . . . 1 . . 1 1 . . . . . . 1 . . . . Cetus Guard 2 | . . . . . . . . . . . . . . . 2 . . . . . . Artisan 2 | . . . 2 . . . . . . . . . . . . . . . . . . Subdweller 15 | . . . 15 . . . . . . . . . . . . . . . . . . Assembled 20 | . . 10 . . . . . . . . . . . . . . . . . . 10 Best Kill Streak 10 | 3 3 5 5 3 . 4 . 4 2 1 1 1 7 5 1 3 3 6 3 . 10 Combat Bots Only 10 | . 2 5 3 3 . 3 . 4 2 1 1 1 7 5 1 1 3 3 3 . 10 Max Kills in Single Turn 2 | 1 1 2 2 1 . 2 . 2 1 1 1 1 2 1 1 1 1 2 1 . 2 Gunslinging 1 | . . 1 . . . . . . . . . . . . . . . . . . . Exploded 1 | . . . . . . 1 . 1 . . . . . . . . . . 1 . 1 Melee . | . . . . . . . . . . . . . . . . . . . . . . Uniques/NPCs Destroyed . | . . . . . . . . . . . . . . . . . . . . . . Combat | -11 -10 -10 -10 -8 -8 -6 -6 -6 -6 -6 -6 -5 -5 -5 -5 -5 -5 -4 -4 -4 -3 -------- Run | Yrd Mat Min Sub Rec Scr Fac Was Fac Low Low Zio Pro Fac Ext Cet Arc Hub Fac Upp Upp Res Hostile Shots Fired 2445 | . 34 24 110 10 . 304 1 597 74 34 . 10 349 34 11 6 67 104 139 16 521 Missed 746 | . 6 9 33 4 . 81 . 230 30 12 . 5 99 13 4 2 13 36 40 7 122 Hits 1699 | . 28 15 77 6 . 223 1 367 44 22 . 5 250 21 7 4 54 68 99 9 399 Melee 39 | . . 4 . . . . 1 4 . . . . . 2 . . . . . . 28 Projectile 1660 | . 28 11 77 6 . 223 . 363 44 22 . 5 250 19 7 4 54 68 99 9 371 AOE 9 | . . . 1 . . . . . . . . . 1 . . . . 1 . . 6 Critical Strikes 82 | . . . 6 . . 11 1 11 1 1 . . 12 3 1 . 2 1 5 1 26 Part Disruptions 5 | . . . . . . . . . . . . . 4 . . . . . . . 1 Damage Taken 20207 | . 133 166 1035 54 . 2037 396 2755 713 257 . 41 3125 360 236 69 692 682 1157 110 6189 Core 2525 | . 21 15 125 7 . 159 28 151 124 22 . 9 184 48 150 . 49 38 79 13 1303 Absorbed by Shields 657 | . . . . . . . . 385 . . . . . . 64 . . . . . 208 Ignored by Resistances 13827 | . 98 102 553 34 . 1763 236 2373 409 151 . 24 1838 209 89 40 649 568 1041 66 3584 Regen/Repaired (Parts) 1298 | . . . . . 839 . 105 326 . . . . 28 . . . . . . . . Core Remaining (%) 63 | 100 . . . . 32 . . . . . . 42 . . . . 56 . . 88 . Volleys Fired 1001 | 7 26 26 115 9 . 88 1 245 29 13 23 6 138 38 9 8 31 27 40 1 121 Largest 3 | 2 2 2 2 3 . 3 2 2 2 2 2 2 3 3 3 3 3 3 3 3 3 Hottest 267 | 90 90 46 160 71 . 143 80 161 93 80 80 80 237 227 204 218 218 226 226 226 267 Shots Fired 2313 | 14 41 52 159 27 . 265 2 457 58 26 46 12 399 111 27 24 94 81 90 3 325 Gun 741 | 14 41 52 90 27 . 135 2 286 23 . . . 55 . . . . . . . 16 Cannon 1565 | . . . 62 . . 130 . 171 35 26 46 12 344 111 27 24 94 81 90 3 309 Launcher . | . . . . . . . . . . . . . . . . . . . . . . Special 7 | . . . 7 . . . . . . . . . . . . . . . . . . Kinetic 974 | . 4 52 90 27 . 176 . 64 35 26 46 12 167 39 9 8 31 27 32 1 128 Thermal 852 | 14 37 . 69 . . 89 2 229 . . . . 177 43 9 8 32 27 25 1 90 Explosive . | . . . . . . . . . . . . . . . . . . . . . . Electromagnetic 447 | . . . . . . . . 164 23 . . . 15 29 9 8 31 27 33 1 107 Phasic 40 | . . . . . . . . . . . . . 40 . . . . . . . . Robot Hit Streak 47 | 11 21 17 30 29 . 38 3 46 43 47 3 11 23 17 21 31 23 16 14 15 35 Robot Miss Streak 5 | . 2 1 1 1 . 2 . 4 1 1 2 1 4 2 1 1 1 2 5 1 2 Penetration Max 1 | . . . . . . 1 . . . . . . . 1 . . . . . . . Secondary Targets 6 | . 1 1 . . . . . 4 . . . . . . . . . . . . . Max Gunslinging Chain 1 | . 1 1 . . . . . 1 . . . . . . . . . . . . . Shots Hit Robots 1704 | 11 27 36 99 25 . 197 2 392 49 23 3 11 266 65 23 21 74 58 61 2 259 Core Hits 765 | 5 17 18 29 8 . 116 . 173 10 3 2 4 140 29 5 4 24 26 26 1 125 Critical Kills 7 | . . 1 . . . 3 . 1 . . . . . 1 . . 1 . . . . Critical Parts Destroyed 1 | . . . . . . 1 . . . . . . . . . . . . . . . Critical Strikes 55 | . 2 1 1 . . 4 . 11 1 4 . 2 10 7 1 . 2 1 1 . 7 Burn 5 | . 2 . . . . . . 3 . . . . . . . . . . . . . Meltdown 4 | . . . . . . 1 . 1 . . . . . 1 . . 1 . . . . Destroy 5 | . . 1 1 . . 3 . . . . . . . . . . . . . . . Blast 34 | . . . . . . . . 4 1 4 . 2 8 5 1 . 1 1 . . 7 Corrupt 5 | . . . . . . . . 3 . . . . . 1 . . . . 1 . . Intensify 2 | . . . . . . . . . . . . . 2 . . . . . . . . Melee Attacks 4 | . . . . . . . . 4 . . . . . . . . . . . . . Impact . | . . . . . . . . . . . . . . . . . . . . . . Slashing 4 | . . . . . . . . 4 . . . . . . . . . . . . . Piercing . | . . . . . . . . . . . . . . . . . . . . . . Sneak Attacks 1 | . . . . . . . . 1 . . . . . . . . . . . . . Combat Hostiles . | . . . . . . . . . . . . . . . . . . . . . . Follow-up Attacks . | . . . . . . . . . . . . . . . . . . . . . . Damage Inflicted 53707 | 132 333 564 2065 377 . 4927 24 11713 1372 777 87 329 11440 2211 771 836 2459 1809 1896 60 9525 Guns 12010 | 132 333 564 1167 377 . 1806 24 5742 337 . . . 1150 . . . . . . . 378 Cannons 39631 | . . . 826 . . 2891 . 5082 1035 777 87 329 9863 2211 771 681 2459 1809 1851 60 8899 Explosions 1765 | . . . . . . 230 . 718 . . . . 369 . . 155 . . 45 . 248 Melee 171 | . . . . . . . . 171 . . . . . . . . . . . . . Ramming 58 | . . . . . . . . . . . . . 58 . . . . . . . . Kinetic 20109 | . 33 564 1167 377 . 2580 . 2116 1035 777 87 329 3770 762 282 195 768 426 946 . 3895 Thermal 23425 | 132 300 . 898 . . 2347 24 6248 . . . . 6397 840 242 433 892 649 651 40 3332 Explosive . | . . . . . . . . . . . . . . . . . . . . . . Electromagnetic 8987 | . . . . . . . . 3178 337 . . . 258 609 247 208 799 734 299 20 2298 Impact . | . . . . . . . . . . . . . . . . . . . . . . Slashing 171 | . . . . . . . . 171 . . . . . . . . . . . . . Piercing . | . . . . . . . . . . . . . . . . . . . . . . Phasic 957 | . . . . . . . . . . . . . 957 . . . . . . . . Highest Corruption 11 | . . . . . . 3 . 3 . . . . 10 2 4 4 4 . . . 11 Average Corruption 2 | . . . . . . 2 . 1 . . . . 3 2 3 4 4 . . . 8 Corruption Purged 19 | . . . . . . 4 . 5 . . . . 10 . . . . . . . . Corruption Blocked 20 | . . . . . . . . . . . . . . . . . . . . . 20 Effects 253 | . . . . . . 31 . 72 . . . . 67 22 21 3 33 . . . 4 Message Errors 59 | . . . . . . 8 . 17 . . . . 16 5 3 1 8 . . . 1 Matter Fused 59 | . . . . . . 10 . 16 . . . . 17 4 6 . 5 . . . 1 Heat Flow Errors 31 | . . . . . . 1 . 8 . . . . 11 6 1 1 3 . . . . Energy Discharges 34 | . . . . . . . . 11 . . . . 8 2 5 1 7 . . . . Parts Rejected 3 | . . . . . . 1 . 1 . . . . . . 1 . . . . . . Data Loss (minor) 27 | . . . . . . 4 . 9 . . . . 6 2 2 . 4 . . . . Data Loss (major) 15 | . . . . . . 2 . 5 . . . . 3 2 . . 2 . . . 1 Misfires 13 | . . . . . . 4 . 3 . . . . 3 1 . . 2 . . . . Alerts 9 | . . . . . . 1 . 1 . . . . 2 . 3 . 1 . . . 1 Weapon Failures 3 | . . . . . . . . 1 . . . . 1 . . . 1 . . . . Overload Shots . | . . . . . . . . . . . . . . . . . . . . . . Overflow Damage 1271 | . . . 28 . . 18 . 188 48 27 . 11 411 40 . . 96 49 . . 355 Projectiles 1189 | . . . 28 . . . . 188 48 27 . 11 347 40 . . 96 49 . . 355 Explosions 82 | . . . . . . 18 . . . . . . 64 . . . . . . . . Melee . | . . . . . . . . . . . . . . . . . . . . . . Knockbacks 109 | . . . . . . 20 . 17 1 1 1 2 28 7 . . 3 3 4 . 22 Impact . | . . . . . . . . . . . . . . . . . . . . . . Kinetic 103 | . . . . . . 19 . 17 1 1 1 2 25 7 . . 3 3 4 . 20 Secondary 6 | . . . . . . 1 . . . . . . 3 . . . . . . . 2 Self-Inflicted Damage 137 | . . . . . . . . 49 . . . . 60 . . . . . 28 . . Shots 5 | . . . . . . . . 2 . . . . 2 . . . . . 1 . . Rammed 3 | . . . . . . . . . . . . . 3 . . . . . . . . Targets Rammed 4 | . . . . . . . . . . . . . 4 . . . . . . . . Kicked . | . . . . . . . . . . . . . . . . . . . . . . Crushed 1 | . . . . . . . . . . . . . 1 . . . . . . . . Highest Temperature 724 | 156 156 26 201 118 . 602 . 411 33 . . . 482 114 656 207 381 248 608 . 724 Average Temperature 129 | 62 43 7 56 41 . 118 . 126 33 . . . 203 58 275 85 102 95 260 . 296 Received Heat Transfer 5490 | . 18 40 476 36 . 973 . 1265 404 39 . . 300 162 . . 237 84 304 . 1152 Effects 71 | . . . . . . 23 . 1 . . . . . . 6 . 1 . 11 . 29 Shutdowns 15 | . . . . . . 8 . . . . . . . . 1 . 1 . 1 . 4 Energy Bleed 4 | . . . . . . 2 . 1 . . . . . . . . . . . . 1 Interference 21 | . . . . . . 7 . . . . . . . . 1 . . . 5 . 8 Matter Decay 7 | . . . . . . 2 . . . . . . . . . . . . . . 5 Short Circuit 4 | . . . . . . 2 . . . . . . . . . . . . 1 . 1 Damage (minor) 4 | . . . . . . 1 . . . . . . . . 1 . . . 1 . 1 Damage (major) 10 | . . . . . . 1 . . . . . . . . 2 . . . 3 . 4 Damage (core) 6 | . . . . . . . . . . . . . . . 1 . . . . . 5 Siege Activations . | . . . . . . . . . . . . . . . . . . . . . . Martial Activations . | . . . . . . . . . . . . . . . . . . . . . . Shielding Activations . | . . . . . . . . . . . . . . . . . . . . . . Robots Disrupted 7 | . . . . . . . . 3 . . . . . . . . . . 2 . 2 Combat Hostiles 5 | . . . . . . . . 1 . . . . . . . . . . 2 . 2 Robots Corrupted 8 | . . . . . . . . 3 . . . . . . 1 1 . 1 . . 2 Combat Hostiles 7 | . . . . . . . . 2 . . . . . . 1 1 . 1 . . 2 Parts Fried 27 | . . . . . . . . 8 1 . . . 3 3 2 . . 1 . . 9 Impact Corruptions . | . . . . . . . . . . . . . . . . . . . . . . Robots Melted 10 | . . . . . . 1 . 7 . . . . . 1 . . 1 . . . . Combat Hostiles 10 | . . . . . . 1 . 7 . . . . . 1 . . 1 . . . . Parts Melted 59 | . 3 . . . . 7 . 31 . . . . 8 3 . . 1 . . . 6 Heat Transferred 25427 | 347 953 . 1260 . . 2957 74 10784 . . . . 4014 814 259 396 888 333 100 . 2248 Parts Sabotaged . | . . . . . . . . . . . . . . . . . . . . . . Parts Stolen . | . . . . . . . . . . . . . . . . . . . . . . Parts Stripped . | . . . . . . . . . . . . . . . . . . . . . . Power Chain Reactions 17 | . . . . . . . . 9 . . . . 3 . . 1 . . 1 . 3 Alert | -11 -10 -10 -10 -8 -8 -6 -6 -6 -6 -6 -6 -5 -5 -5 -5 -5 -5 -4 -4 -4 -3 ------- Run | Yrd Mat Min Sub Rec Scr Fac Was Fac Low Low Zio Pro Fac Ext Cet Arc Hub Fac Upp Upp Res Maximum Alert Level 2 | . . . . . . . . . . . . . . . . . 1 . . . 2 Low Security (%) 97 | 100 100 100 . 100 . 100 100 100 . . . . 100 100 100 100 80 100 . . 78 Level 1 2 | . . . . . . . . . . . . . . . . . 19 . . . 20 Level 2 . | . . . . . . . . . . . . . . . . . . . . . . Level 3 . | . . . . . . . . . . . . . . . . . . . . . . Level 4 . | . . . . . . . . . . . . . . . . . . . . . . Level 5 . | . . . . . . . . . . . . . . . . . . . . . . High Security . | . . . . . . . . . . . . . . . . . . . . . . Max Security . | . . . . . . . . . . . . . . . . . . . . . . Peak Influence 404 | 10 57 . . 45 . 86 17 181 . . . . 173 117 174 85 279 105 . . 404 Initial 52 | . . . . . . . . . . . . . . 52 . 12 6 12 . . 7 Average 25 | 2 4 . . 1 . 10 . 12 . . . . 19 17 34 45 101 43 . . 102 Influence Increases 11319 | 20 226 . 171 93 . 1075 40 2481 145 50 20 165 2321 560 412 130 1030 295 301 30 1754 Destroy 0b10 Robot/C 6660 | . 140 . 140 80 . 660 . 1500 100 40 20 140 1260 360 260 80 500 180 260 . 940 Destroy 0b10 Robot/NC 510 | 20 40 . . . . 50 . 105 . . . . 140 15 10 5 45 35 . . 45 Destroy Leader 1570 | . 40 . . . . 218 . 468 30 10 . 10 300 72 20 . 136 40 10 . 216 Allied During Kill 343 | . . . 1 . . . . 68 . . . 15 11 32 73 21 95 . 1 . 26 Successful Hack 266 | . 4 . . 13 . 62 . 89 . . . . 68 . 7 . . . . . 23 Disable Machine 176 | . . . . . . 16 . 56 . . . . 56 8 . 8 20 . . . 12 Anti-Garrison Action 150 | . . . . . . . . . . . . . . . . . . . . . 150 Destroy Structure 1314 | . 2 . . . . 24 40 120 . . . . 426 58 42 16 234 40 . . 312 Lose Combat Pursuer 330 | . . . 30 . . 45 . 75 15 . . . 60 15 . . . . 30 30 30 Influence Decreases 11319 | 20 226 . 171 93 . 1075 40 2481 145 50 20 165 2174 707 369 148 1021 329 301 15 1769 Entered New Map 175 | . . . . . . . . . . . . . . 95 . 31 19 22 . . 8 Time Decay 10126 | 20 226 . 171 93 . 1051 28 2328 145 50 20 148 1960 472 323 105 862 295 301 15 1513 Lost Part 299 | . . . . . . 24 11 40 . . . . 44 20 . . . 12 . . 148 Lost Ally 719 | . . . . . . . 1 113 . . . 17 170 120 46 12 140 . . . 100 Squads Dispatched 86 | . . . . . . 13 . 32 . . . . 17 4 . . 6 2 . . 12 Investigation 17 | . . . . . . 1 . 7 . . . . 2 1 . . 1 1 . . 4 Extermination 39 | . . . . . . 7 . 13 . . . . 12 . . . 2 . . . 5 Reinforcement 19 | . . . . . . 2 . 7 . . . . 3 3 . . 2 1 . . 1 Assault 2 | . . . . . . . . 1 . . . . . . . . . . . . 1 Garrison 9 | . . . . . . 3 . 4 . . . . . . . . 1 . . . 1 Intercept . | . . . . . . . . . . . . . . . . . . . . . . Searches Triggered . | . . . . . . . . . . . . . . . . . . . . . . Construction Impeded 6 | . . . . . . . . 2 . . . . 2 1 . . 1 . . . . Haulers Reinforced 6 | . . . . . . . . 4 . . . . 1 . . . . . . . 1 Active Scanning Responses . | . . . . . . . . . . . . . . . . . . . . . . Cargo Convoy Interrupts 1 | . . . . . . . . . . . . . 1 . . . . . . . . Stealth | -11 -10 -10 -10 -8 -8 -6 -6 -6 -6 -6 -6 -5 -5 -5 -5 -5 -5 -4 -4 -4 -3 --------- Run | Yrd Mat Min Sub Rec Scr Fac Was Fac Low Low Zio Pro Fac Ext Cet Arc Hub Fac Upp Upp Res Distress Signals 23 | . 2 . . . . 1 . 8 . . . . 4 2 2 . 3 . . . 1 Communications Jammed . | . . . . . . . . . . . . . . . . . . . . . . Distress Signals . | . . . . . . . . . . . . . . . . . . . . . . Times Spotted 468 | . 11 11 23 3 . 42 6 97 5 2 1 7 78 23 16 3 29 15 19 2 75 Peak Tracking Total 9 | . 4 3 5 1 . 4 3 6 2 1 1 2 5 5 5 2 5 3 5 4 9 Tactical Retreats 23 | . . 1 1 . . 3 . 5 1 . . . 4 1 . . . . 2 2 3 Traps | -11 -10 -10 -10 -8 -8 -6 -6 -6 -6 -6 -6 -5 -5 -5 -5 -5 -5 -4 -4 -4 -3 ------- Run | Yrd Mat Min Sub Rec Scr Fac Was Fac Low Low Zio Pro Fac Ext Cet Arc Hub Fac Upp Upp Res Traps Triggered 21 | . 2 . 4 . . 5 . 5 . . . . . 3 . . 1 1 . . . Indirectly . | . . . . . . . . . . . . . . . . . . . . . . Trap Hack Attempts . | . . . . . . . . . . . . . . . . . . . . . . Triggered . | . . . . . . . . . . . . . . . . . . . . . . Disarmed . | . . . . . . . . . . . . . . . . . . . . . . Reprogrammed . | . . . . . . . . . . . . . . . . . . . . . . Reused . | . . . . . . . . . . . . . . . . . . . . . . Traps Extracted . | . . . . . . . . . . . . . . . . . . . . . . Installed . | . . . . . . . . . . . . . . . . . . . . . . Triggered . | . . . . . . . . . . . . . . . . . . . . . . Machines | -11 -10 -10 -10 -8 -8 -6 -6 -6 -6 -6 -6 -5 -5 -5 -5 -5 -5 -4 -4 -4 -3 ---------- Run | Yrd Mat Min Sub Rec Scr Fac Was Fac Low Low Zio Pro Fac Ext Cet Arc Hub Fac Upp Upp Res Machines Disabled 49 | . . . 1 . . 4 . 14 . . . . 14 2 . 2 5 . 3 . 4 Max in Single Turn 3 | . . . 1 . . 2 . 3 . . . . 3 1 . 1 1 . 1 . 1 Garrison Access 6 | . . . . . . 1 . 3 . . . . . . . . 1 . . . 1 Machines Repaired . | . . . . . . . . . . . . . . . . . . . . . . Machines Dismantled 1 | . . . . . . . . . . . . . 1 . . . . . . . . Machines Sabotaged . | . . . . . . . . . . . . . . . . . . . . . . Overloaded Fab Kills . | . . . . . . . . . . . . . . . . . . . . . . Hacking | -11 -10 -10 -10 -8 -8 -6 -6 -6 -6 -6 -6 -5 -5 -5 -5 -5 -5 -4 -4 -4 -3 --------- Run | Yrd Mat Min Sub Rec Scr Fac Was Fac Low Low Zio Pro Fac Ext Cet Arc Hub Fac Upp Upp Res Machines Accessed 81 | . 6 . 4 10 . 12 . 27 1 . . . 4 5 3 . 1 . 2 1 5 Terminals 43 | . 6 . . 5 . 9 . 14 . . . . . 5 3 . . . 1 . . Fabricators 9 | . . . . . . 1 . 5 . . . . 1 . . . . . . . 2 Repair Stations 4 | . . . . . . . . 3 . . . . 1 . . . . . . . . Recycling Units 6 | . . . . 5 . . . 1 . . . . . . . . . . . . . Scanalyzers 8 | . . . . . . 1 . 2 . . . . 2 . . . . . . . 3 Garrison Access 4 | . . . . . . 1 . 2 . . . . . . . . 1 . . . . Total Hacks 179 | . 6 . 7 20 . 23 . 54 1 . . . 13 6 5 . 2 . 4 1 37 Successful 136 | . 6 . 7 18 . 17 . 35 1 . . . 10 5 5 . 1 . 4 1 26 Failed 43 | . . . . 2 . 6 . 19 . . . . 3 1 . . 1 . . . 11 Catastrophic 2 | . . . . . . 1 . 1 . . . . . . . . . . . . . Database Lockouts . | . . . . . . . . . . . . . . . . . . . . . . Manual 107 | . 6 . . 10 . 14 . 25 . . 1 . 18 11 1 . 10 . . . 11 Terminals 73 | . 6 . . 10 . 19 . 24 . . . . . 6 5 . . . 3 . . Fabricators 24 | . . . . . . 1 . 12 . . . . 3 . . . . . . . 8 Repair Stations 11 | . . . . . . . . 9 . . . . 2 . . . . . . . . Recycling Units 11 | . . . . 10 . . . 1 . . . . . . . . . . . . . Scanalyzers 44 | . . . . . . 2 . 5 . . . . 8 . . . . . . . 29 Garrison Access 6 | . . . . . . 1 . 3 . . . . . . . . 2 . . . . Terminal Hacks 32 | . . . 7 3 . 4 . 2 1 . . . . 5 5 . . . 4 1 . Record 12 | . . . 4 . . . . . . . . . . . 4 . . . 4 . . Part Schematic 7 | . . . . 3 . 2 . 2 . . . . . . . . . . . . . Robot Schematic 1 | . . . . . . 1 . . . . . . . . . . . . . . . Robot Analysis 1 | . . . . . . 1 . . . . . . . . . . . . . . . Open Door 9 | . . . 1 . . . . . 1 . . . . 5 1 . . . . 1 . Proto ID Catalog 1 | . . . 1 . . . . . . . . . . . . . . . . . . Release Object 1 | . . . 1 . . . . . . . . . . . . . . . . . . Fabricator Hacks 13 | . . . . . . . . 6 . . . . 2 . . . . . . . 5 Load Schematic 7 | . . . . . . . . 3 . . . . 1 . . . . . . . 3 Build 6 | . . . . . . . . 3 . . . . 1 . . . . . . . 2 Repair Station Hacks 8 | . . . . . . . . 6 . . . . 2 . . . . . . . . Scan Component 4 | . . . . . . . . 3 . . . . 1 . . . . . . . . Repair 4 | . . . . . . . . 3 . . . . 1 . . . . . . . . Recycling Unit Hacks 6 | . . . . 5 . . . 1 . . . . . . . . . . . . . Retrieve Components 6 | . . . . 5 . . . 1 . . . . . . . . . . . . . Scanalyzer 31 | . . . . . . 2 . 3 . . . . 5 . . . . . . . 21 Insert Component 12 | . . . . . . 1 . 1 . . . . 3 . . . . . . . 7 Analyze 19 | . . . . . . 1 . 2 . . . . 2 . . . . . . . 14 Garrison Access Hacks 4 | . . . . . . 1 . 2 . . . . . . . . 1 . . . . Seal Access 4 | . . . . . . 1 . 2 . . . . . . . . 1 . . . . Unauthorized Hacks 42 | . 6 . . 10 . 10 . 15 . . . . 1 . . . . . . . . Terminals 31 | . 6 . . 5 . 9 . 11 . . . . . . . . . . . . . Botnet 31 | . 6 . . 5 . 9 . 11 . . . . . . . . . . . . . Fabricators 6 | . . . . . . 1 . 4 . . . . 1 . . . . . . . . Fabnet 6 | . . . . . . 1 . 4 . . . . 1 . . . . . . . . Repair Stations . | . . . . . . . . . . . . . . . . . . . . . . Recycling Units 5 | . . . . 5 . . . . . . . . . . . . . . . . . Reject 5 | . . . . 5 . . . . . . . . . . . . . . . . . Scanalyzers . | . . . . . . . . . . . . . . . . . . . . . . Garrison Access . | . . . . . . . . . . . . . . . . . . . . . . Data Cores Recovered 2 | . . . . . . 1 . 1 . . . . . . . . . . . . . Used 1 | . . . . . . 1 . . . . . . . . . . . . . . . Hacking Detections 48 | . 3 . . 4 . 8 . 18 . . . . 3 2 3 . 1 . 1 . 5 Full Trace Events 13 | . . . . 1 . 1 . 4 . . . . 2 . . . . . 1 . 4 Feedback Events 2 | . . . . . . . . 2 . . . . . . . . . . . . . Corruption 2 | . . . . . . . . 2 . . . . . . . . . . . . . Feedback Blocked . | . . . . . . . . . . . . . . . . . . . . . . Robot Schematics Acquired 1 | . . . . . . 1 . . . . . . . . . . . . . . . Robots Built . | . . . . . . . . . . . . . . . . . . . . . . Authchips . | . . . . . . . . . . . . . . . . . . . . . . Time . | . . . . . . . . . . . . . . . . . . . . . . Total Robot Build Rating . | . . . . . . . . . . . . . . . . . . . . . . Part Schematics Acquired 71 | . . . . 3 . 3 . 3 . 5 11 1 19 2 . . 2 . . 1 21 Parts Built 10 | . . . . . . . . 6 . . . . 2 . . . . . . . 2 Authchips . | . . . . . . . . . . . . . . . . . . . . . . Time 409 | . . . . . . . . 170 . . . . 84 . . . . . . . 155 Total Part Build Rating 52 | . . . . . . . . 32 . . . . 8 . . . . . . . 12 Part Studies Acquired . | . . . . . . . . . . . . . . . . . . . . . . Parts Repaired 4 | . . . . . . . . 3 . . . . 1 . . . . . . . . Time 116 | . . . . . . . . 91 . . . . 25 . . . . . . . . Parts Recycled . | . . . . . . . . . . . . . . . . . . . . . . Recycled Matter . | . . . . . . . . . . . . . . . . . . . . . . Retrieved Matter . | . . . . . . . . . . . . . . . . . . . . . . Retrieved Components 18 | . . . . 8 . . . 10 . . . . . . . . . . . . . Parts Scanalyzed 10 | . . . . . . 1 . 1 . . . . 3 . . . . . . . 5 Part Schematics Acquired 8 | . . . . . . 1 . 1 . . . . 2 . . . . . . . 4 Parts Damaged 1 | . . . . . . . . . . . . . . . . . . . . . 1 Bothacking | -11 -10 -10 -10 -8 -8 -6 -6 -6 -6 -6 -6 -5 -5 -5 -5 -5 -5 -4 -4 -4 -3 ------------ Run | Yrd Mat Min Sub Rec Scr Fac Was Fac Low Low Zio Pro Fac Ext Cet Arc Hub Fac Upp Upp Res Used RIF Installer . | . . . . . . . . . . . . . . . . . . . . . . Robots Hacked 10 | . . . . . . . . . . . . 3 4 2 . . 1 . . . . Non-combat . | . . . . . . . . . . . . . . . . . . . . . . Combat 10 | . . . . . . . . . . . . 3 4 2 . . 1 . . . . Robot Hacks Applied . | . . . . . . . . . . . . . . . . . . . . . . Relay Couplers Released 4 | . . . . . . . . 3 . . . . . . . . . . . . 1 Machine Destruction 4 | . . . . . . . . 3 . . . . . . . . . . . . 1 Fabnet Peak Effective % 12 | . . . . . . . . . . . . 12 12 12 12 12 12 7 7 7 1 Autooverrided 10 | . . . . . . . . . . . . 3 4 2 . . 1 . . . . Robots Rewired 5 | . . . . . . . . 2 . . . 1 . . . . . . 1 . 1 Allies Hacked 2 | . . . . . . . . 1 . . . . . . . . . . . . 1 Hacks Repelled . | . . . . . . . . . . . . . . . . . . . . . . Allies | -11 -10 -10 -10 -8 -8 -6 -6 -6 -6 -6 -6 -5 -5 -5 -5 -5 -5 -4 -4 -4 -3 -------- Run | Yrd Mat Min Sub Rec Scr Fac Was Fac Low Low Zio Pro Fac Ext Cet Arc Hub Fac Upp Upp Res Total Allies 82 | . . 3 . . . . 19 2 . . 4 4 12 15 5 . 7 . 1 . 10 Largest Group 19 | . . 3 3 . . . 19 8 . . 4 6 4 7 11 6 7 . 1 . 5 Highest-Rated Group 841 | . . 40 40 . . . 702 347 . . 155 285 292 402 841 518 527 . 64 . 388 Highest-Rated Ally 159 | . . 16 16 . . . 50 50 . . 40 85 85 159 159 159 96 . 64 . 96 Zionite Dispatches 15 | . . . . . . . . . . . . . 5 4 . . 3 . . . 3 Heavy 4 | . . . . . . . . . . . . . 1 1 . . 2 . . . . Light 2 | . . . . . . . . . . . . . 1 . . . . . . . 1 Hacker 3 | . . . . . . . . . . . . . . 2 . . . . . . 1 Demo 3 | . . . . . . . . . . . . . 1 . . . 1 . . . 1 Trap Resupply 1 | . . . . . . . . . . . . . . 1 . . . . . . . Defense Resupply 1 | . . . . . . . . . . . . . 1 . . . . . . . . Hacking Resupply 1 | . . . . . . . . . . . . . 1 . . . . . . . . Total Orders 3 | . . . . . . . . 1 . . . . 2 . . . . . . . . DROP 3 | . . . . . . . . 1 . . . . 2 . . . . . . . . Ally Attacks 636 | . . . 10 . . . 112 74 . . . 39 53 43 83 28 93 . 6 . 95 Total Damage 23934 | . . . 103 . . . 6582 2216 . . . 952 1400 983 2642 974 4744 . 259 . 3079 Kills 98 | . . . 2 . . . 14 14 . . . 4 7 6 12 2 21 . 3 . 13 Allies Corrupted 4 | . . . . . . . . . . . . . 3 . . . . . . . 1 Allies Melted . | . . . . . . . . . . . . . . . . . . . . . . Intel | -11 -10 -10 -10 -8 -8 -6 -6 -6 -6 -6 -6 -5 -5 -5 -5 -5 -5 -4 -4 -4 -3 ------- Run | Yrd Mat Min Sub Rec Scr Fac Was Fac Low Low Zio Pro Fac Ext Cet Arc Hub Fac Upp Upp Res Active Infowar (turns) 29872 | . . 890 4998 1575 1109 1811 . 1310 3115 2457 2305 2343 2650 . . . . 246 2051 359 2653 Sensors 18630 | . . 890 402 . . . . 1310 3115 2457 2305 2343 2650 . . . . . 440 359 2359 IFF 181 | . . . . . . . . . . . . . . . . . . . . . 181 Terrain 1 | . . . . . . . . . . 1 . . . . . . . . . . . Structural 10382 | . . 889 4998 1575 1109 1811 . . . . . . . . . . . . . . . Decoding 5309 | . . . . . . . . . . . . . . . . . . 246 2051 359 2653 Robot Analysis Total 1 | . . . . . . 1 . . . . . . . . . . . . . . . Derelict Logs Recovered 9 | . . . 2 . . . . . . 2 2 2 . . . . . . 1 . . Drone Launches . | . . . . . . . . . . . . . . . . . . . . . . Drone Recoveries . | . . . . . . . . . . . . . . . . . . . . . . Decoded 0b10 Intel 49 | . . . . . . . . . . . . . . . . . . 2 . . 47 Patrols 12 | . . . . . . . . . . . . . . . . . . . . . 12 Investigations 3 | . . . . . . . . . . . . . . . . . . . . . 3 Reinforcements 1 | . . . . . . . . . . . . . . . . . . 1 . . . Guards 33 | . . . . . . . . . . . . . . . . . . 1 . . 32 Zionite Intel Received 3 | . . . . . . . . . . . . . 1 . . . 1 . . . 1 Prototype Stockpiles 1 | . . . . . . . . . . . . . 1 . . . . . . . . Component Schematics 1 | . . . . . . . . . . . . . . . . . . . . . 1 Depthwide Sectors/0 1 | . . . . . . . . . . . . . . . . . 1 . . . . Exploration | -11 -10 -10 -10 -8 -8 -6 -6 -6 -6 -6 -6 -5 -5 -5 -5 -5 -5 -4 -4 -4 -3 ------------- Run | Yrd Mat Min Sub Rec Scr Fac Was Fac Low Low Zio Pro Fac Ext Cet Arc Hub Fac Upp Upp Res Turns Passed 50109 | 119 1442 929 4998 1575 1109 3684 747 9845 3115 2457 2305 2343 5859 1459 973 148 1421 465 2051 359 2706 Spaces Moved 21843 | 49 813 516 2336 821 602 1761 438 3425 1489 1219 1325 1086 1999 440 298 46 519 205 1178 212 1066 Core 19 | 18 . . . . . . . . . . . . . . . . . . . . 1 Treads 21824 | 31 813 516 2336 821 602 1761 438 3425 1489 1219 1325 1086 1999 440 298 46 519 205 1178 212 1065 Legs . | . . . . . . . . . . . . . . . . . . . . . . Wheels . | . . . . . . . . . . . . . . . . . . . . . . Hover . | . . . . . . . . . . . . . . . . . . . . . . Flight . | . . . . . . . . . . . . . . . . . . . . . . Fastest Speed 50 | 50 160 160 160 150 150 159 160 160 160 160 160 160 160 240 240 240 240 156 158 158 158 Average Speed 197 | 145 160 160 178 172 182 173 160 241 178 193 160 206 239 293 263 240 240 164 158 158 189 Slowest Speed 2000 | 250 240 160 360 253 230 234 160 320 240 240 160 240 880 320 320 240 240 240 158 158 2000 Overloaded Moves . | . . . . . . . . . . . . . . . . . . . . . . Propulsion Burnouts . | . . . . . . . . . . . . . . . . . . . . . . Robots Hopped 6 | . . . . . . . . . . . . . 6 . . . . . . . . Potential Cave-ins 8 | . . . . . . . . . . . . . . 8 . . . . . . . Cave-ins Triggered . | . . . . . . . . . . . . . . . . . . . . . . Exploration Rate (%) 69 | 5 92 99 97 99 53 47 96 72 99 98 90 99 44 63 80 69 60 8 95 31 26 Regions Visited 21 Branch Regions 14 Pre-discovered Areas 13 | . . . . . . . . . . 1 1 1 . . . . 10 . . . . Known Exits Taken 19 | 1 1 1 1 1 1 . . 1 1 1 1 1 1 1 1 1 1 1 1 1 . Unknown Exits Taken . | . . . . . . . . . . . . . . . . . . . . . . Scrap Searched 35 | . . 2 12 . 3 . . . 4 9 1 2 . . . . . . 2 . . Spaces Dug 86 | . . . 3 . . 1 . 2 4 . 31 . 23 16 . . . . . . 6 Terrain Destroyed 460 | . . . 6 . . 29 . 89 6 3 32 3 142 37 2 12 16 19 13 1 50 Melee 1 | . . . . . . . . 1 . . . . . . . . . . . . . Projectile 286 | . . . 6 . . 8 . 17 6 3 32 3 85 37 2 2 16 19 9 1 40 AOE 173 | . . . . . . 21 . 71 . . . . 57 . . 10 . . 4 . 10 Terrain Rammed . | . . . . . . . . . . . . . . . . . . . . . . Walls Destroyed . | . . . . . . . . . . . . . . . . . . . . . . Machines Disabled . | . . . . . . . . . . . . . . . . . . . . . . Actions | -11 -10 -10 -10 -8 -8 -6 -6 -6 -6 -6 -6 -5 -5 -5 -5 -5 -5 -4 -4 -4 -3 --------- Run | Yrd Mat Min Sub Rec Scr Fac Was Fac Low Low Zio Pro Fac Ext Cet Arc Hub Fac Upp Upp Res Total 26961 | 82 913 577 3006 968 615 2231 487 4550 1897 1293 1474 1179 2703 524 467 66 632 275 1289 234 1499 Wait 3218 | 13 43 24 508 87 4 272 10 721 371 40 94 70 403 35 145 12 63 . 51 22 230 Move 21811 | 48 812 515 2335 820 601 1761 437 3424 1488 1218 1324 1085 1986 439 297 45 518 204 1177 211 1066 Hop 6 | . . . . . . . . . . . . . 6 . . . . . . . . Pick Up 233 | 7 16 8 11 19 6 24 24 23 3 3 10 2 24 3 3 . 2 24 4 . 17 Fast Attach 146 | 2 . . 2 4 . 13 2 33 . 10 6 3 43 . 6 1 2 4 3 . 12 Attach 67 | 5 8 1 10 . . 5 2 4 3 . . . 5 1 1 . 3 1 5 . 13 Detach 22 | . 3 . 3 . . . 2 2 1 1 1 . 3 . . . 3 1 . . 2 Swap 112 | . . 2 8 11 2 27 3 20 . . 1 1 19 2 2 . 2 5 2 . 5 Drop 296 | . 5 1 14 18 2 41 6 56 2 8 15 7 63 2 4 . 8 9 5 . 30 Fire 1001 | 7 26 26 115 9 . 88 1 245 29 13 23 6 138 38 9 8 31 27 40 1 121 Melee 4 | . . . . . . . . 4 . . . . . . . . . . . . . Ram . | . . . . . . . . . . . . . . . . . . . . . . Kick . | . . . . . . . . . . . . . . . . . . . . . . Crush 4 | . . . . . . . . . . . . . 4 . . . . . . . . Escape Stasis 8 | . . . . . . . . 4 . . . . . 4 . . . . . . . Rewire 24 | . . . . . . . . 14 . . . 5 . . . . . . 2 . 3 Trap . | . . . . . . . . . . . . . . . . . . . . . . Miscellaneous 9 | . . . . . . . . . . . . . 9 . . . . . . . . Route ------- -11/Scrapyard -10/Materials (discovered 5 exits: *Mat x3 / *Min x2) -10/Mines (discovered 3 exits: *Mat x2 / *Sub) -10/Subcaves (discovered 3 exits: *Mat x2 / *Rec) -8/Recycling (discovered 2 exits: *Fac / *Scr) -8/Scraptown -6/Factory (discovered 4 exits: *Fac x3 / *Low) -6/Waste -6/Factory (discovered 5 exits: *Fac x3 / *Low x2) -6/Lower Caves -6/Lower Caves (discovered 2 exits: *Fac / *Zio) -6/Zion -5/Proximity Caves -5/Factory (discovered 4 exits: Fac x2 / Upp / *Ext) -5/Extension (discovered 2 exits: *Fac / *Cet) -5/Cetus (discovered 2 exits: *Fac / *Arc) -5/Archives -5/Hub_04(d) (discovered 2 exits: *Fac x2) -4/Factory (discovered 2 exits: *Res / *Upp) -4/Upper Caves -4/Upper Caves -3/Research (discovered 1 exit: Tes) History --------- Turn | Location | Event 8 | -11/Scrapyard | Identified exit to Materials 8 | -11/Scrapyard | Discovered exit to Materials (range 15) 120 | -11/Scrapyard | Entered Materials 120 | -10/Materials | Evolved 1 slot: Utility x1 306 | -10/Materials | Build established: Hacker-Mutant 331 | -10/Materials | Identified exit to Mines 331 | -10/Materials | Discovered exit to Mines (range 13) 460 | -10/Materials | Identified exit to Materials 460 | -10/Materials | Discovered exit to Materials (range 10) 975 | -10/Materials | Discovered exit to Materials (range 12) 1033 | -10/Materials | Discovered exit to Materials (range 3) 1548 | -10/Materials | Discovered exit to Mines (range 10) 1562 | -10/Materials | Entered Mines 1567 | -10/Mines | Assembled infested the area 1572 | -10/Mines | Assisted by a Guerilla fighting off Assembled 1762 | -10/Mines | Discovered exit to Materials (range 7) 2095 | -10/Mines | Assisted by bots powering up and referring to "LRC-V3" 2180 | -10/Mines | Discovered exit to Materials (range 7) 2239 | -10/Mines | Found DCF Scrap (12 items) 2470 | -10/Mines | Identified exit to Subcaves 2470 | -10/Mines | Discovered exit to Subcaves (range 6) 2491 | -10/Mines | Entered Subcaves 2491 | -10/Subcaves | Accompanied by 3 allies 2492 | -10/Subcaves | Approached by a straggling Scientist 2507 | -10/Subcaves | Learned Materials terminal intel 2665 | -10/Subcaves | A swath of the cavern ceiling suddenly collapsed 3443 | -10/Subcaves | Identified exit to Materials 3443 | -10/Subcaves | Discovered exit to Materials (range 5) 3728 | -10/Subcaves | Shifting Twisted Machinery released Sub. Beam Cannon 3734 | -10/Subcaves | Shifting Twisted Machinery released Mak. Shrapnel Gun 3814 | -10/Subcaves | Visited Clippyterm 3818 | -10/Subcaves | Learned Factory garrison access intel 4030 | -10/Subcaves | Shifting Twisted Machinery released Spk. Treads 4054 | -10/Subcaves | Shifting Twisted Machinery released Spk. Treads 4718 | -10/Subcaves | Core integrity fell below 50% 4726 | -10/Subcaves | A swath of the cavern ceiling suddenly collapsed 4852 | -10/Subcaves | Identified exit to Recycling 4852 | -10/Subcaves | Discovered exit to Recycling (range 13) 5295 | -10/Subcaves | Visited 4L-MR0's lab 5477 | -10/Subcaves | Discovered exit to Materials (range 8) 6180 | -10/Subcaves | Shifting Twisted Machinery released Sub. Beam Cannon 6441 | -10/Subcaves | A Subdweller sparked back to life 6441 | -10/Subcaves | A Subdweller sparked back to life 6441 | -10/Subcaves | A Subdweller sparked back to life 6461 | -10/Subcaves | Found Rainbow Chip 7007 | -10/Subcaves | Attached Rainbow Chip, gained temporary slots: Power, Propulsion, Utility, Weapon 7011 | -10/Subcaves | Found SUBCON Basin 7311 | -10/Subcaves | Build established: Hacker-Skirmisher 7489 | -10/Subcaves | Entered Recycling 7834 | -8/Recycling | Scanned before Scraplab entrance 7862 | -8/Recycling | Identified exit to Scraptown 7862 | -8/Recycling | Discovered exit to Scraptown (range 11) 7869 | -8/Recycling | Entered Scraplab 7962 | -8/Recycling | Identified exit to Factory 7962 | -8/Recycling | Discovered exit to Factory (range 15) 9064 | -8/Recycling | Entered Scraptown 9264 | -8/Scraptown | Visited Shadow of the Wyrm 9276 | -8/Scraptown | Visited Assassins FH 9291 | -8/Scraptown | Visited CR-KLE's Repair Center 9333 | -8/Scraptown | Visited Awakened 9357 | -8/Scraptown | Visited Comm Corps 9366 | -8/Scraptown | Visited Cyclists 9425 | -8/Scraptown | Visited The Evicted 9872 | -8/Scraptown | Discovered exit to Factory (range 13) 10035 | -8/Scraptown | CR-KLE repaired 7 parts 10173 | -8/Scraptown | Entered Factory 10173 | -6/Factory | Evolved 8 slots: Power x1, Propulsion x3, Utility x4 10174 | -6/Factory | Loaded intel: 3 garrison access locations 10579 | -6/Factory | Build established: Scavenger-Tank 10914 | -6/Factory | Build established: Hacker-Tank 10924 | -6/Factory | Garrison activated, responded to threat 11333 | -6/Factory | Identified exit to Factory 11333 | -6/Factory | Discovered exit to Factory (range 9) 11949 | -6/Factory | Spotted B-75 Beast 12007 | -6/Factory | Destroyed B-75 Beast 12137 | -6/Factory | Identified exit to Lower Caves 12137 | -6/Factory | Discovered exit to Lower Caves (range 14) 12345 | -6/Factory | Build established: Scavenger-Tank 13057 | -6/Factory | Discovered exit to Factory (range 9) 13380 | -6/Factory | Discovered exit to Factory (range 4) 13857 | -6/Factory | Sucked down chute 13857 | -6/Factory | Entered Waste 13940 | -6/Waste | Spotted C-40 Crusher 13952 | -6/Waste | Spotted C-40 Crusher 13953 | -6/Waste | Crushed by Compactor (1 part destroyed, 2 dropped) 13957 | -6/Waste | Spotted C-40 Crusher 13968 | -6/Waste | Spotted C-40 Crusher 13973 | -6/Waste | Warlord forces began an assault 13983 | -6/Waste | Allies destroyed C-40 Crusher 13988 | -6/Waste | Allies destroyed C-40 Crusher 14001 | -6/Waste | Allies destroyed C-40 Crusher 14020 | -6/Waste | Spotted C-40 Crusher 14024 | -6/Waste | Allies destroyed C-40 Crusher 14025 | -6/Waste | Lost 5 parts (1p1n1u2w) 14032 | -6/Waste | Lost 9 allies 14071 | -6/Waste | Spotted C-40 Crusher 14076 | -6/Waste | Allies destroyed C-40 Crusher 14302 | -6/Waste | Build established: Hacker-Mutant 14552 | -6/Waste | Identified exit to Factory 14552 | -6/Waste | Discovered exit to Factory (range 13) 14604 | -6/Waste | Entered Factory 14604 | -6/Factory | Accompanied by 8 allies 14909 | -6/Factory | Garrison activated, responded to threat 15141 | -6/Factory | Garrison activated, responded to threat 15212 | -6/Factory | Lost 6 allies 15698 | -6/Factory | Build established: Scavenger-Mutant 15877 | -6/Factory | Discovered exit to Lower Caves (range 9) 16623 | -6/Factory | Build established: Hacker-Mutant 17530 | -6/Factory | Discovered exit to Factory (range 15) 18851 | -6/Factory | Discovered exit to Factory (range 8) 19001 | -6/Factory | Repaired Imp. Medium Treads 21452 | -6/Factory | Repaired Imp. Lightning Gun 21909 | -6/Factory | Fabricated System Restoration Module? 22389 | -6/Factory | Discovered exit to Factory (range 12) 23132 | -6/Factory | Fabricated Adv. Sensor Array (x2) 23302 | -6/Factory | Fabricated Imp. Point Defense System (x2) 23751 | -6/Factory | Repaired Antimatter Cannon 24004 | -6/Factory | Discovered exit to Lower Caves (range 5) 24449 | -6/Factory | Entered Lower Caves 24855 | -6/Lower Caves | Spotted B-75 Beast 25244 | -6/Lower Caves | Identified exit to Lower Caves 25244 | -6/Lower Caves | Discovered exit to Lower Caves (range 10) 26487 | -6/Lower Caves | Core integrity fell below 50% 26525 | -6/Lower Caves | Destroyed B-75 Beast 27564 | -6/Lower Caves | Entered another Lower Caves area 27827 | -6/Lower Caves | Identified exit to Zion 27827 | -6/Lower Caves | Discovered exit to Zion (range 8) 28569 | -6/Lower Caves | Encountered a Warlord checkpoint 28594 | -6/Lower Caves | Learned Factory terminal intel 28613 | -6/Lower Caves | Spotted B-75 Beast 28724 | -6/Lower Caves | Destroyed B-75 Beast 28751 | -6/Lower Caves | Lost 3 allies 28799 | -6/Lower Caves | Learned location of Extension (-5) 28848 | -6/Lower Caves | Tech Extrapolator generated special schematic: Energy Deflector 29597 | -6/Lower Caves | Discovered exit to Factory (range 11) 30021 | -6/Lower Caves | Entered Zion 30057 | -6/Zion | Found Prototype Special Weapon 30057 | -6/Zion | Identified RU-N14's Throwing Claymores 30103 | -6/Zion | Found CR-A16's Pointy Stick 30166 | -6/Zion | Identified exit to Proximity Caves 30166 | -6/Zion | Discovered exit to Proximity Caves (range 16) 30640 | -6/Zion | Learned 4 Factory zone layouts 30684 | -6/Zion | Learned 8 Factory zone layouts 31177 | -6/Zion | Met Imprinter 31204 | -6/Zion | Imprinted 31206 | -6/Zion | Declared Zion's savior 31326 | -6/Zion | Received a hallucinogenic algorithm 31326 | -6/Zion | Ran a hallucination algorithm 31582 | -6/Zion | Tech Extrapolator generated special schematic: Heat Bomb Trap 32326 | -6/Zion | Entered Proximity Caves 32326 | -5/Proximity Caves | Accompanied by 4 allies 33036 | -5/Proximity Caves | Found DCF Scrap (13 items) 33242 | -5/Proximity Caves | Learned location of Armory (-4) 33283 | -5/Proximity Caves | Spotted B-75 Beast 33303 | -5/Proximity Caves | Rewired B-75 Beast 34669 | -5/Proximity Caves | Entered Factory 34669 | -5/Factory | Accompanied by 4 allies 34669 | -5/Factory | Evolved 2 slots: Utility x1, Weapon x1 34670 | -5/Factory | Identified exit to Factory 34670 | -5/Factory | Identified exit to Upper Caves 34671 | -5/Factory | Loaded intel: 27 terminal locations 34951 | -5/Factory | Tech Extrapolator generated special schematic: Deep Structural Scanner 34990 | -5/Factory | Build established: Hacker-Tank 35072 | -5/Factory | Zion Heavy squad teleported in 35261 | -5/Factory | Retrieved Zion intel report: Prototype Stockpiles 35524 | -5/Factory | Found Prototype Protection 35524 | -5/Factory | Identified Zio. Weapon Casing 35529 | -5/Factory | Found Prototype Protection 35529 | -5/Factory | Identified Zio. Heavy Carapace 35584 | -5/Factory | Lost 4 allies 35864 | -5/Factory | Zion Demo squad teleported in 36578 | -5/Factory | Cargo convoy interrupted 36923 | -5/Factory | Zion Light squad teleported in 37081 | -5/Factory | Zion Hacking Resupply teleported in 37130 | -5/Factory | Lost 3 allies 37215 | -5/Factory | Repaired Imp. Cryofiber Web 37231 | -5/Factory | Tech Extrapolator generated special schematic: Machine Rigger 37320 | -5/Factory | P-70 Sage assimilated allied J5-7DE(A) 37359 | -5/Factory | Found PL-3XN's Ring of Power 37364 | -5/Factory | System corruption reached 10% 37390 | -5/Factory | Found Prototype Protection 37398 | -5/Factory | Found Prototype Protection 37400 | -5/Factory | Lost 4 parts (1p1n2u) 37401 | -5/Factory | Destroyed 7 combat bots 37427 | -5/Factory | Found Prototype Reactor 37496 | -5/Factory | Identified Centrium Heavy Armor Plating (x2) 37517 | -5/Factory | Zion Defense Resupply teleported in 37580 | -5/Factory | Build established: Hauler-Tank 37602 | -5/Factory | Found Prototype Reactor 37602 | -5/Factory | Identified Vortex Chain Reactor (x2) 37635 | -5/Factory | Found Vortex Chain Reactor 38100 | -5/Factory | Fabricated System Restoration Module? 38112 | -5/Factory | Local machine network offline 39669 | -5/Factory | Terminal network hard line cut 40517 | -5/Factory | Identified exit to Extension 40517 | -5/Factory | Discovered exit to Extension (range 5) 40528 | -5/Factory | Entered Extension 40597 | -5/Extension | Rescued a captive Derelict 40704 | -5/Extension | Rescued a captive Derelict 40797 | -5/Extension | Rescued a captive Derelict 40915 | -5/Extension | Zion Heavy squad teleported in 40982 | -5/Extension | Zion Hacker squad teleported in 41279 | -5/Extension | Lost 3 allies 41280 | -5/Extension | Rescued A7 41634 | -5/Extension | Zion Hacker squad teleported in 41647 | -5/Extension | Zion Trap Resupply teleported in 41719 | -5/Extension | Tech Extrapolator generated special schematic: Fire Trap 41802 | -5/Extension | Rescued a captive Derelict 41803 | -5/Extension | Rescued a captive Derelict 41953 | -5/Extension | Discovered exit to Factory (range 10) 41957 | -5/Extension | Identified exit to Cetus 41957 | -5/Extension | Discovered exit to Cetus (range 6) 41987 | -5/Extension | Entered Cetus 41987 | -5/Cetus | Accompanied by 6 allies (A7) 41992 | -5/Cetus | Acquired a Cetus Manufacturing Module code from A7 42023 | -5/Cetus | Spotted Cetus Guard 42026 | -5/Cetus | Spotted Cetus Guard 42026 | -5/Cetus | Spotted Cetus Guard 42029 | -5/Cetus | Spotted Cetus Guard 42032 | -5/Cetus | Allies destroyed Cetus Guard 42036 | -5/Cetus | Allies destroyed Cetus Guard 42039 | -5/Cetus | Allies destroyed Cetus Guard 42041 | -5/Cetus | Allies destroyed Cetus Guard 42167 | -5/Cetus | Started Cetus Manufacturing Module 42192 | -5/Cetus | Manufactured an Enhanced Grunt 42217 | -5/Cetus | Manufactured an Enhanced Grunt 42242 | -5/Cetus | Manufactured an Enhanced Grunt 42267 | -5/Cetus | Manufactured an Enhanced Grunt 42292 | -5/Cetus | Manufactured an Enhanced Grunt 42610 | -5/Cetus | Escorted A7 to Cetus Mainframe 42645 | -5/Cetus | Identified exit to Archives 42645 | -5/Cetus | Discovered exit to Archives (range 16) 42690 | -5/Cetus | Spotted Cetus Guard 42690 | -5/Cetus | Spotted Cetus Guard 42693 | -5/Cetus | Spotted Cetus Guard 42694 | -5/Cetus | Spotted Cetus Guard 42698 | -5/Cetus | Destroyed Cetus Guard 42706 | -5/Cetus | Allies destroyed Cetus Guard 42716 | -5/Cetus | Allies destroyed Cetus Guard 42723 | -5/Cetus | Destroyed Cetus Guard 42734 | -5/Cetus | Lost 4 allies 42737 | -5/Cetus | Security sweep announced 42749 | -5/Cetus | Discovered exit to Factory (range 15) 42763 | -5/Cetus | Scared off Revision 17 42812 | -5/Cetus | Found Prototype Device 42812 | -5/Cetus | Identified Exp. Thermal Shield 42960 | -5/Cetus | Entered Archives 42960 | -5/Archives | Accompanied by 6 allies (A7) 42965 | -5/Archives | Received a hacking code to weaken MAIN.C 43060 | -5/Archives | Identified exit to Hub_04(d) 43060 | -5/Archives | Discovered exit to Hub_04(d) (range 15) 43108 | -5/Archives | Entered Hub_04(d) 43108 | -5/Hub_04(d) | Accompanied by 3 allies 43424 | -5/Hub_04(d) | Zion Heavy squad teleported in 43553 | -5/Hub_04(d) | Zion Demo squad teleported in 43702 | -5/Hub_04(d) | Discovered exit to Factory (range 10) 43734 | -5/Hub_04(d) | Garrison activated, responded to threat 43737 | -5/Hub_04(d) | Spotted B-75 Beast 43763 | -5/Hub_04(d) | Destroyed B-75 Beast 43783 | -5/Hub_04(d) | Lost 4 allies 43806 | -5/Hub_04(d) | Zion Heavy squad teleported in 43994 | -5/Hub_04(d) | Retrieved Zion intel report: Depthwide Sectors/-5 44487 | -5/Hub_04(d) | Discovered exit to Factory (range 13) 44529 | -5/Hub_04(d) | Entered Factory 44529 | -4/Factory | Evolved 2 slots: Propulsion x1, Utility x1 44543 | -4/Factory | Identified exit to Research 44543 | -4/Factory | Discovered exit to Research (range 14) 44886 | -4/Factory | Build established: Hacker-Tank 44931 | -4/Factory | Identified exit to Upper Caves 44931 | -4/Factory | Discovered exit to Upper Caves (range 14) 44994 | -4/Factory | Entered Upper Caves 45059 | -4/Upper Caves | Spotted B-86 Titan 45565 | -4/Upper Caves | Attracted the attention of an 0b10 base 45698 | -4/Upper Caves | Learned Research garrison access intel 45698 | -4/Upper Caves | Learned Research terminal intel 45698 | -4/Upper Caves | Learned Factory terminal intel 45811 | -4/Upper Caves | Found Alien Artifact 45811 | -4/Upper Caves | Identified Dimensional Node Initializer 45811 | -4/Upper Caves | Initialized slip node 45930 | -4/Upper Caves | Identified exit to Upper Caves 45930 | -4/Upper Caves | Discovered exit to Upper Caves (range 13) 45994 | -4/Upper Caves | Attracted the attention of an 0b10 checkpoint 47045 | -4/Upper Caves | Entered another Upper Caves area 47230 | -4/Upper Caves | Discovered exit to Research (range 12) 47404 | -4/Upper Caves | Entered Research 47404 | -3/Research | Evolved 2 slots: Propulsion x1, Utility x1 47405 | -3/Research | Identified exit to Testing 47406 | -3/Research | Loaded intel: 21 terminal locations 47407 | -3/Research | Loaded intel: 2 garrison access locations 47702 | -3/Research | Spotted B-86 Titan 47715 | -3/Research | Zion Light squad teleported in 47760 | -3/Research | Zion Demo squad teleported in 47780 | -3/Research | Garrison activated, responded to threat 47962 | -3/Research | Found Prototype Processor 47962 | -3/Research | Identified Exp. Target Analyzer 47979 | -3/Research | P-80 Master assimilated allied VP-6JR(d) 48196 | -3/Research | Found Exp. Thermal Shield 48727 | -3/Research | Found Prototype Device 48727 | -3/Research | Identified Exp. ECM Suite 48775 | -3/Research | Retrieved Zion intel report: Component Schematics 48776 | -3/Research | Zion Hacker squad teleported in 48982 | -3/Research | Fabricated Adv. System Restoration Module (x2) 49255 | -3/Research | Assembled infested ambush trap array 49344 | -3/Research | Destroyed 10 combat bots 49819 | -3/Research | Lost 5 parts (2n2u1w) 50064 | -3/Research | System corruption reached 10% 50072 | -3/Research | Core integrity fell below 50% 50078 | -3/Research | Core integrity fell below 20% 50095 | -3/Research | Spotted B-86 Titan 50110 | -3/Research | Destroyed by B-86 Titan with Matter Neutralizer Last Messages --------------- 50102_ K-01 Serf collects debris. 50102_ Penetrated by Slug. 50103_ 0A><1#IGR VHVEB6OQ/LDR8=&MJ4Z9K 50103_ Critical hit (Burn: +50). 50103_ Penetrated by Slug. 50106_ Dropped Adv. Component Analysis Suite. 50106_ K-01 Serf collects debris. 50106_ Dropped Imp. Dynamic Insulation System. 50106_ Penetrated by Slug. 50106_ K-01 Serf destroyed. 50107_ B-86 Titan activates siege mode. 50107_ Adv. Shield Generator blasted off. 50107_ Penetrated by Slug. 50107_ Slug penetrates Wall. 50107_ Dropped Adv. Recalibrator. 50107_ M-36 Artificer repairs H-77 Assassin. 50108_ Dropped Huge Storage Unit. 50109_ M-36 Artificer repairs M-36 Artificer. 50109_ Penetrated by Slug. 50110_ Dropped Centrium Heavy Armor Plating. Map ----- +----------------------------------------------------+ | # # """ #????????# #???????????? | | # # """ #????????# #???????????? | | # # """ #????????# ###########?? | | # # %= #????????# ! ## #?? | | # # % #????????# ## #?? | | # #""+###########?##########+####### ""#?? | | # ### + ### | | %% #" / ###### = # | | #"" ###### # | | #"" # ""# | | #+""##"######## #"" ## #### # | | #???????# # ## # # # | | #???????# # #### #####+##+# | | #???????# # % # | | #???????# #"" # | | #######???????# #"" + | | ??????????????# #"" # | | ??????????????# #" % % # | | ??????????????# ### "" "" # | | ??????????????# ### ""F"" ### | | ??????????????# """ % | | ??????????????+ | | ??????????????# % | | ??????????????# |! | | ??????????????# ###m#%##!###################### | | ??????????????# %[h|!%@!!!#?????????????# | | ??????????????# ; g!%%%g! #?????????????# # | | ??????????????# w# g%=%%!% #?????????????# | | ??????????????# # h %%!gg%#?????????????# " | | ??????????????# # !#????????????## "" | | ??????????????# # %#???????????# [ "" | | ??????????????# # + ????????? %[ "" | | ??????????????# # BB%###????????## ? | | ??????????????# #######BB##???????????## ??? | | ??????????????? ??????? ????????????? ?????? | | ????????????????? ???????? ???????????????????? | | ?????????????????????????? ???????????????????? | | ?????????????????????????? ???????????????????# | | ??????????????????????????;###???????????????????? | | ??????????????????????????#??????????????????????? | | ?????????????????????????????????????????????????? | | ?????????????????????????????????????????????????? | | ?????????????????????????????????????????????????? | | ?????????????????????????????????????????????????? | | ?????????????????????????????????????????????????? | | ?????????????????????????????????????????????????? | | ?????????????????????????????????????????????????? | | ?????????????????????????????????????????????????? | | ?????????????????????????????????????????????????? | | ?????????????????????????????????????????????????? | +----------------------------------------------------+ Best States ------------- Heat Dissipation 119 Energy Generation 55 Energy Capacity 700 Matter Stores 300 Matter Capacity 300 Sight Range 16 Robot Scan Range 16 Terrain Scan Density 210 Power Amplification 20 Additional Mass Support 12 Base Temperature (-) 200 Corruption Block 20 Armor Coverage 1200 Resistance: KI 60 Resistance: TH 65 Resistance: EX 35 Resistance: EM 35 Resistance: I 35 Resistance: S 35 Resistance: P 35 Point Defense Rating 240 Evasion (%) 50 Targeting Accuracy 8 Armor Integrity Analysis 30 Recoil Reduction 7 Matter Filtering 50 Offensive Hacking 32 Authchip Count 2 Item Schematics ----------------- Ion Cannon | -8/Recycling | Hacked Imp. Carbon-fiber Leg | -8/Recycling | Hacked Adv. Sensor Array | -8/Recycling | Hacked Imp. Point Defense System | -6/Factory | Hacked Imp. Component Analysis Suite | -6/Factory | Hacked System Restoration Module | -6/Factory | Scanalyzed Lrn. Terrain Scanner | -6/Factory | Scanalyzed Hyb. Antimatter Reactor | -6/Factory | Hacked Imp. Recalibrator | -6/Factory | Hacked Multitool | -6/Lower Caves | Extrapolated Mak. Coolant Network | -6/Lower Caves | Extrapolated Mak. Medium Armor Plating | -6/Lower Caves | Extrapolated Mak. Ablative Armor | -6/Lower Caves | Extrapolated Energy Deflector | -6/Lower Caves | Extrapolated Spk. Medium Treads | -6/Zion | Extrapolated Mak. Trap Scanner | -6/Zion | Extrapolated Mak. Thermal Plating | -6/Zion | Extrapolated Mak. Terrain Scanner | -6/Zion | Extrapolated Spk. Treads | -6/Zion | Extrapolated Mak. Targeting Computer | -6/Zion | Extrapolated Beamcaster | -6/Zion | Extrapolated Hvy. Battle Rifle | -6/Zion | Extrapolated Mak. Shrapnel Gun | -6/Zion | Extrapolated Heat Bomb Trap | -6/Zion | Extrapolated Bore Cannon | -6/Zion | Extrapolated Mak. Heavy Armor Plating | -5/Proximity Caves | Extrapolated Spk. Heavy Treads | -5/Factory | Extrapolated Deep Structural Scanner | -5/Factory | Extrapolated Mak. Terrain Scan Processor | -5/Factory | Extrapolated Mak. Hacking Suite | -5/Factory | Extrapolated Mak. System Shield | -5/Factory | Extrapolated Imp. Hacking Suite | -5/Factory | Scanalyzed Lgt. Humpback | -5/Factory | Extrapolated Antimatter Cannon | -5/Factory | Scanalyzed Mak. Power Source | -5/Factory | Extrapolated 0b10 Decoder Chip [Generic] | -5/Factory | Extrapolated 0b10 Decoder Chip [Scout] | -5/Factory | Extrapolated 0b10 Decoder Chip [Skirmisher] | -5/Factory | Extrapolated Machine Rigger | -5/Factory | Extrapolated Hvy. Beamcaster | -5/Factory | Extrapolated Tactical Coordination Suite | -5/Factory | Extrapolated Plasma Flamer | -5/Factory | Extrapolated Mak. Light Armor Plating | -5/Factory | Extrapolated Mak. Weapon Shielding | -5/Factory | Extrapolated Mak. Salvage Targeting Computer | -5/Factory | Extrapolated Mak. System Restoration Module | -5/Extension | Extrapolated Fire Trap | -5/Extension | Extrapolated Mak. ECM Suite | -5/Hub_04(d) | Extrapolated Mak. Kinetic Plating | -5/Hub_04(d) | Extrapolated Mak. Laser | -4/Upper Caves | Extrapolated Ripper | -3/Research | Extrapolated Centrium Heavy Treads | -3/Research | Scanalyzed Adv. System Restoration Module | -3/Research | Scanalyzed Adv. System Shield | -3/Research | Scanalyzed Vibroblade | -3/Research | Scanalyzed Imp. Field Recycling Unit | -3/Research | Z-intel Adv. Point Defense System | -3/Research | Z-intel Tesla Rifle | -3/Research | Z-intel Field Propulsion Drive | -3/Research | Z-intel Hvy. Phase Cannon | -3/Research | Z-intel EM Shield | -3/Research | Z-intel Insulated Plating | -3/Research | Z-intel Arm. Medium Treads | -3/Research | Z-intel Adv. Transmission Jammer | -3/Research | Z-intel Adv. Recalibrator | -3/Research | Z-intel Imp. Targeting Computer | -3/Research | Z-intel Lrn. Proton Cannon | -3/Research | Z-intel Launcher Loader | -3/Research | Z-intel Antimatter Reactor | -3/Research | Z-intel ECM Suite | -3/Research | Z-intel Mak. Utility Shielding | -3/Research | Extrapolated Robot Schematics ------------------ M-28 Smith | -6/Factory | Hacked Fabricated ------------ System Restoration Module | x2 | -6/Factory Adv. Sensor Array | x2 | -6/Factory Imp. Point Defense System | x2 | -6/Factory System Restoration Module | x2 | -5/Factory Adv. System Restoration Module | x2 | -3/Research Repaired ---------- Imp. Medium Treads | 27% | -6/Factory Imp. Lightning Gun | 14% | -6/Factory Antimatter Cannon | 56% | -6/Factory Imp. Cryofiber Web | 12% | -5/Factory Studied --------- None Alien Tech Used ----------------- Dimensional Node Initializer Achievements -------------- Beloved I Have Friends Everywhere Challenges ------------ None Game ------ Seed ShadingFactoryTreads Manual? 0 Play Time 04:08:47 Cumulative 250.7 hours Start 2026.01.05 @ 14:00:26 End 2026.01.05 @ 18:53:22 Sessions 1 Manual Loads 0 Difficulty Explorer Special Mode None Game No. 392 Rogue 0 Adventurer 0 Explorer 392 Win Type - Total 0 Types 0/0/0/0/0/0/0/0/0/0 Lore% 72 Gallery% 69 Achievement% 54 Wizard Run 0 Options --------- Layout 1 ASCII 0 Keyboard 0 Movement Mouse Keybinds 0 Fullscreen 1 Font 24/Smallcaps Map View 50x35 Zoom Use 0% Tactical HUD 1 Map Filters NONE Filters NONE Steam 1 RUN: 8029aee2-7185-4416-b630-163f20052fd3